 Dungeon Crawl Stone Soup version 0.25-a0-876-gadf69d5 (webtiles) character file.

Game seed: 3898028900922002612, levelgen mode: deterministic

18 BlueFish the Insei (level 2, -2/18 HPs)
             Began as an Octopode Transmuter on May 2, 2020.
             Engulfed by a cloud of flame (20 damage)
             ... on level 1 of the Dungeon.
             The game lasted 00:02:18 (588 turns).

BlueFish the Insei (Octopode Transmuter)             Turns: 588, Time: 00:02:19

Health: -2/18      AC:  1    Str:  9    XL:     2   Next: 70%
Magic:  5/5        EV: 13    Int: 15    God:
Gold:   0          SH:  0    Dex: 12    Spells: 2/5 levels left

rFire    . . .     SeeInvis .     - Unarmed
rCold    . . .     Gourm    .   (no shield)
rNeg     + . .     Faith    .   (helmet restricted)
rPois    .         Spirit   .   (no amulet)
rElec    .         Reflect  .   i - ring of positive energy
rCorr    .         Harm     .   (no ring)
MR       .....                  (no ring)
Stlth    ++........             (no ring)
HPRegen  0.06/turn              (no ring)
MPRegen  0.09/turn              (no ring)
                                (no ring)
                                (no ring)

@: no status effects
A: almost no armour, stealthy swim, amphibious, 8 rings, constrict 8, camouflage
1, gelatinous body 1
a: no special abilities


You were on level 1 of the Dungeon.
You were not hungry.

You visited 1 branch of the dungeon, and saw 1 of its levels.

Inventory:

Missiles
 a - 12 arrows
Jewellery
 i - a ring of positive energy (left tentacle)
Scrolls
 b - a scroll of random uselessness {unknown}
 e - a scroll of blinking {unknown}
 f - a scroll of teleportation {unknown}
 g - a scroll of identify {unknown}
 j - a scroll of remove curse {unknown}
Potions
 h - a potion of ambrosia {unknown}
Comestibles
 c - a ration
 d - 2 chunks of flesh


   Skills:
 * Level 1.2 Fighting
 * Level 2.2 Dodging
 * Level 0.5 Stealth
 * Level 3.4 Unarmed Combat
 + Level 2.1 Spellcasting
 * Level 2.1 Transmutations


You had 2 spell levels left.
You knew the following spells:

 Your Spells              Type           Power        Failure   Level  Hunger
a - Beastly Appendage     Tmut           #.....       10%         1    #......
b - Sticks to Snakes      Tmut           #.......     14%         2    ###....

Your spell library contained the following spells:

 Spells                   Type           Power        Failure   Level  Hunger
 Spider Form              Tmut/Pois      #.........   41%         3    ###....
 Ice Form                 Ice/Tmut       #.......     82%         4    #####..
 Blade Hands              Tmut           #.........   95%         5    ######.


Dungeon Overview and Level Annotations

Branches:
Dungeon (1/15)

Altars:


Innate Abilities, Weirdness & Mutations

You cannot wear most types of armour.
You are very stealthy in the water. (Stealth+)
You are amphibious.
You can wear up to eight rings at the same time.
You can use your tentacles to constrict eight enemies at once.
Your skin changes colour to match your surroundings (Stealth+).
Your rubbery body absorbs attacks. (AC +1, EV +1)


Message History

You barely miss the goblin. You grab the goblin.
Your tentacle spike misses the goblin.
You squeeze the goblin.
You kill the goblin!
You see here a +0 club.
j - a scroll labeled TUORHE YTIODWE A gnoll comes into view.
It is wielding a +0 flail.
Found 12 bolts and an emerald potion.
The gnoll shouts!
A giant cockroach comes into view.
Found a crooked silver wand.
Your transformation is almost over.
Your tentacle spike disappears.
You see here a +0 club.
There is an open door here.
There is an open door here.
You see here a +0 club.
Really walk into a travel-excluded area?
You are engulfed in blazing flames.
Ouch! That really hurt!
You die...

#☼○§# #.# #...
####...#####.#######...
☼§.....§☼○............
○...!.○☼§..####)##..#
../(.§.........##..#
#.gs#############...
#§☼☼# #.... #§§○# #.###
#○§@# #'#.. .#####...#
#.#.. .........# ####)#.#
.#.....#.## #....+..
##...#...###### #.####.8
...............###....+.○
.###.##...####.#...##+#.#
#. ##.## #.#.### #.. #
#.# ##.#.#### #..


You could see a gnoll and a giant cockroach.

Vanquished Creatures
  A leopard gecko (D:1)
  A bat (D:1)
  A giant cockroach (D:1)
  A hobgoblin (D:1)
  4 jackals (D:1)
  A kobold (D:1)
  4 goblins (D:1)
  A rat (D:1)
14 creatures vanquished.

Notes
Turn   | Place    | Note
-------+----------+-------------------------------------------
     0 | D:1      | BlueFish the Octopode Transmuter began the quest for the
                  | Orb.
     0 | D:1      | Reached XP level 1. HP: 13/13 MP: 3/3
   121 | D:1      | Reached XP level 2. HP: 10/18 MP: 3/5
   128 | D:1      | Learned a level 2 spell: Sticks to Snakes
   588 | D:1      | Engulfed by a cloud of flame

Levels and vault maps discovered:
D:1:      shiori_arrival_oz, layout_loops_ring, lemuel_flame_loot_1

Action                   || total
-------------------------++-------
Melee: Unarmed           ||    34
       Constrict         ||    10
       Tentacles         ||     7
       Kick              ||     2
       Punch             ||     1
 Cast: Beastly Appendage ||     7
 Stab: Sleeping          ||     3
Armor: Skin              ||     3
Dodge: Dodged            ||    15

Table legend:
 A = Non-vault XP
 B = Vault XP
 C = Vault XP percentage of total XP
 D = Non-vault monster count
 E = Vault monster count
 F = Vault count percentage of total count
                 A         B        C        D         E       F
            +---------+---------+-------+---------+---------+-------
      Total |      25 |       2 |   7.4 |      13 |       1 |   7.1
            +---------+---------+-------+---------+---------+-------
        D:1 |      25 |       2 |   7.4 |      13 |       1 |   7.1
            +---------+---------+-------+---------+---------+-------
